 Dungeon Sprint DCSS version 0.30-a0-528-g8c47a4955b (webtiles) character file.

Game seed: 80760460345619606

7 JoshKwa the Firebug (level 2, 0/22 HPs)
             Began as an Octopode Cinder Acolyte on Dec 23, 2022.
             Was a High Priest of Ignis.
             Slain by a hound (4 damage)
             ... in the Dungeon (Sprint IX: "|||||||||||||||||||||||||||||").
             The game lasted 00:00:34 (28 turns).

JoshKwa the Firebug (Octopode Cinder Acolyte)         Turns: 28, Time: 00:00:34

Health: 0/22       AC:  1    Str: 13    XL:     2   Next: 0%
Magic:  3/3        EV: 12    Int: 16    God:    Ignis [*****.]
Gold:   0          SH:  0    Dex:  7    Spells: 1/3 levels left

rFire   + . .      SeeInvis .    a - -1 spear (flame)
rCold   . . .      Faith    .    (no shield)
rNeg    . . .      Spirit   .    (helmet restricted)
rPois   .          Reflect  .    (no amulet)
rElec   .          Harm     .    (no ring)
rCorr   .          Rampage  .    (no ring)
Will    .....      NoTele   +    (no ring)
Stlth   ++                       (no ring)
HPRegen 0.23/turn                (no ring)
MPRegen 0.08/turn                (no ring)
                                 (no ring)
                                 (no ring)

@: no status effects
A: almost no armour, amphibious, 8 rings, camouflage 1, gelatinous body 1,
(nimble swimmer 1), tentacles
a: Renounce Religion, Fiery Armour, Foxfire Swarm, Rising Flame


You were in the Dungeon.
You worshipped Ignis.
Ignis was extremely pleased with you.
You visited 1 branch

Inventory:

Hand Weapons
 a - a -1 spear of flaming (weapon)
Scrolls
 g - a scroll of blinking
Potions
 b - a potion of curing
 c - a potion of heal wounds
 d - a potion of haste
 e - 2 potions of magic
 f - a potion of berserk rage


   Skills:
 * Level 3.7 Fighting
 + Level 3.2 Polearms
 + Level 0.1 Stealth
 * Level 1.0 Spellcasting
 + Level 4.1 Fire Magic


You had one spell level left.
You knew the following spells:

 Your Spells              Type           Power      Damage    Failure   Level
a - Scorch                Fire           26%        2d6       6%          2

Your spell library contained the following spells:

 Spells                   Type           Power      Damage    Failure   Level


Dungeon Overview and Level Annotations

Branches:
Dungeon (1/1)

Altars:


Innate Abilities, Weirdness & Mutations

You cannot wear most types of armour.
You are amphibious.
You can wear up to eight rings at the same time.
Your skin changes colour to match your surroundings (Stealth+).
Your rubbery body absorbs attacks. (AC +1, EV +1)
((You are camouflaged when in or above water. (Stealth+)))
You have tentacles for arms and can constrict up to eight enemies at once.


Message History

The endoplasm closely misses you.
You hit the endoplasm. You burn the endoplasm.
The endoplasm is almost dead.
The endoplasm hits you.
You barely miss the endoplasm. You squeeze the endoplasm.
You kill the endoplasm!
You hit the hobgoblin but do no damage. You grab the hobgoblin.
You squeeze the hobgoblin.
You kill the hobgoblin!
Your Fire Magic skill increases to level 4!
You have reached level 2!
Memorise Scorch, consuming 2 spell levels and leaving 1?
You start memorising the spell.
You continue memorising. x2
You finish memorising.
Spell assigned to 'a'.
You see here a giant cockroach corpse.
You open the door.
An orc, a howler monkey, a black bear and 2 hounds come into view.
The hound barks! x2; The black bear growls angrily.
You barely miss the hound. You grab the hound.
You constrict the hound, but do no damage.
The hound bites you.
The howler monkey hoots and howls with incredible vigour!
The hound closely misses you.
You barely miss the hound.
You constrict the hound, but do no damage.
The hound bites you.
You barely miss the hound. You constrict the hound. The hound bites you. x2
* * * LOW HITPOINT WARNING * * *
You hit the hound. You burn the hound. Your squeeze misses the hound.
The hound is lightly wounded.
You constrict the hound. The hound bites you.
* * * LOW HITPOINT WARNING * * *
You hit the hound. You burn the hound.
The hound is heavily wounded.
You constrict the hound. The hound barely misses you.
You hit the hound but do no damage.
You squeeze the hound, but do no damage.
The hound is heavily wounded.
You constrict the hound. The hound bites you.
You die... ▓▓▓▓▓▓▓▓▓▓▓▓▓▓▓▓▓▓ +.ohhhh@..††'...<▓ ▓▓▓▓▓▓▓▓▓▓▓▓▓▓▓▓▓▓

You could see a black bear, a howler monkey, 2 hounds and an orc.

Vanquished Creatures
  A bat (D)
  2 endoplasms (D)
  A giant cockroach (D)
  A hobgoblin (D)
5 creatures vanquished.

Notes
Turn   | Place    | Note
-------+----------+-------------------------------------------
     0 | D        | JoshKwa the Octopode Cinder Acolyte began the quest for the
                  | Orb.
     0 | D        | Reached XP level 1. HP: 16/16 MP: 2/2
    15 | D        | Reached skill level 4 in Fire Magic
    15 | D        | Reached XP level 2. HP: 20/22 MP: 3/3
    18 | D        | Learned a level 2 spell: Scorch
    22 | D        | Noticed a howler monkey
    22 | D        | Noticed a black bear
    28 | D        | Slain by a hound

Illustrated notes

Levels and vault maps discovered:
D:        linesprint [early_d, line_temple, items_1, d_10, items_2, lair_1,
          lair_end, items_3, orc_1, orc_end, items_4, d_15, swamp_1, shoals_1,
          snake_1, spider_1, d_20, vaults_1, items_5, swamp_end, shoals_end,
          snake_end, spider_end, vaults_end, d_27, items_6, zot_1, zot_end,
          crypt_end, forest_end, elf_end, slime_end, tomb_end, abyss_end,
          pan_hell_end]

Skill      XL: |  1 |
---------------+----+-----
Fire Magic     | 4 |  4.1
Fighting       | |  3.7
Polearms       | |  3.2
Stealth        | |  0.1
Spellcasting   | |  1.0

Action                   || total
-------------------------++-------
Melee: Spear             ||    15
       Tentacles         ||     4
       Constrict         ||     3
 Stab: Sleeping          ||     1
Dodge: Dodged            ||     6

Table legend: (Time is in decaauts)
 A = Elapsed time spent in this place.
 B = Non-inter-level travel time spent in this place.
 C = Inter-level travel time spent in this place.
 D = Time resting spent in this place.
 E = Time spent auto-exploring this place.
 F = Levels seen in this place.
 G = Mean time per level.
                   A        B        C        D        E       F      G
               +--------+--------+--------+--------+--------+-----+--------+
         Total |     27 |     27 |      0 |      0 |      0 |   1 |   27.0 |
       Dungeon |     27 |     27 |      0 |      0 |      0 |   1 |   27.0 |
               +--------+--------+--------+--------+--------+-----+--------+

Top non-repeatable levels by time:
       D: 27 daAuts
